 Dungeon Crawl Stone Soup version 0.17-a0-1738-g82cdc46 (webtiles) character file.

2468 TuckyLangle the Changer (level 9, 0/64 HPs)
             Began as a Black Draconian Transmuter on Aug 30, 2015.
             Was a Believer of Okawaru.
             Killed themself with a bounced bolt of lightning (4 damage)
             ... on level 7 of the Dungeon.
             The game lasted 00:37:42 (9074 turns).

TuckyLangle the Changer (DrTm)                      Turns: 9074, Time: 00:37:42

Health: 0/64       AC:  8    Str: 13    XL:     9   Next: 26%
Magic:  19/20      EV: 16    Int: 13    God:    Okawaru [**....]
Gold:   342        SH:  0    Dex: 15    Spells: 2 memorised, 17 levels left

rFire  . . .     SeeInvis .     e - +5 battleaxe (chop)
rCold  . . .     Clarity  .     (armour unavailable)
rNeg   . . .     SustAt   .     (no shield)
rPois  .         Gourm    .     (helmet restricted)
rElec  +         Spirit   .     p - +0 cloak
rCorr  .         Warding  .     (no gloves)
rMut   .         Stasis   .     (no boots)
MR     .....                    (no amulet)
Stlth  +++.......               (no ring)
                                h - +3 ring of slaying

@: lethally poisoned (0 -> -18), appendage, heroism, slowed, very slow, not
resistant to hostile enchantments, fairly stealthy
A: breathe lightning, unfitting armour, horns 2, electricity resistance,
cold-blooded, AC +7
a: Breathe Lightning, End Transformation, Heroism, Renounce Religion


You were on level 7 of the Dungeon.
You worshipped Okawaru.
Okawaru was pleased with you.
You were hungry.
You had grown temporary horns.
You visited 2 branches of the dungeon, and saw 8 of its levels.

You collected 342 gold pieces.

Inventory:

Hand weapons
 e - a +5 battleaxe of chopping (weapon)
Missiles
 a - 80 arrows
 l - 11 arrows of flame
 m - 8 arrows of frost
Armour
 p - a +0 cloak (worn)
Magical staves
 t - an uncursed staff of conjuration {unknown}
Jewellery
 c - an uncursed amulet of stasis {unknown}
 h - a +3 ring of slaying (left hand)
Scrolls
 f - 2 scrolls of identify
 g - 2 scrolls of fear
 n - a scroll of teleportation {unknown}
 u - 3 scrolls of amnesia {unknown}
Potions
 d - 2 potions of agility
 i - a potion of brilliance {unknown}
 j - a potion of curing {unknown}
 k - 2 potions of might {unknown}
 o - a potion of heal wounds {unknown}
 q - a potion of magic {unknown}
 s - 2 potions of degeneration {unknown}
Books
 b - a book of Changes

   Spells                             Type                      Level
   a - Beastly Appendage              Transmutation                1
   b - Sticks to Snakes               Transmutation                2
   c - Spider Form                    Transmutation/Poison         3
   d - Ice Form                       Ice/Transmutation            4
   e - Blade Hands                    Transmutation                5
Comestibles
 r - 3 fruits


   Skills:
 - Level 1.1(6.1) Fighting
 - Level 4.1(9.1) Axes
 - Level 1.7(6.7) Dodging
 - Level 5.4(10.4) Unarmed Combat
 * Level 7.5 Spellcasting
 - Level 7.7 Transmutations


You had 17 spell levels left.
You knew the following spells:

 Your Spells              Type           Power        Failure   Level  Hunger
a - Beastly Appendage     Trmt           ###...       1%          1    None
b - Blade Hands           Trmt           ###.......   17%         5    ######.


Dungeon Overview and Level Annotations

Branches:
Dungeon (7/15)             Temple (1/1) D:4

Altars:
Ashenzari
Cheibriados
Dithmenos
Elyvilon
Gozag
Kikubaaqudgha
Makhleb
Okawaru
Qazlal
Ru
Sif Muna
Trog
Vehumet
Xom
Zin
The Shining One


Innate Abilities, Weirdness & Mutations

You can breathe wild blasts of lightning.
Your glossy black scales are hard (AC +7).
Your body does not fit into most forms of armour.
You are resistant to electric shocks.
You are cold-blooded and may be slowed by cold attacks.
You have a pair of horns on your head.


Message History

Here: a wasp (lightly wounded)
The floor.
You can't see any item there.
Use which ability? (? or * to list)
You fail to use your ability.
* * * LOW HITPOINT WARNING * * *
You feel very sick. The wasp stings you but does no damage.
The wasp stings you.
* * * LOW HITPOINT WARNING * * *
You are more poisoned.
You feel as though you will be slow longer.
Use which ability? (? or * to list)
You breathe a wild blast of lightning!
The zap misses you. The zap misses you.
You hear a mighty clap of thunder!
The bolt of lightning hits you! You resist.
* * * LOW HITPOINT WARNING * * *
The bolt of lightning misses you.
You hear a mighty clap of thunder!
The bolt of lightning hits you! You resist.
You die...

.............#.....## #.#
...##.######.#..##.#
.................#.#
..###.######.#...... ..# #.#
#...# ..# #.# #... ..# #.# #...
..# #.# #..########
..###.######.#..@y......
..............#.#################
#.###.#########.#................
#.#.......#.#.###############
#.#.#####.#.#.# #.#.# #.#.#.#
#.#.# #.#.#.######. #.#.#
#............ #.#.# #.[..........


You could see a wasp.

Vanquished Creatures
  A hill giant (D:5)
  Prince Ribbit (D:6)
  A sky beast (D:7)
  4 ogres
  2 orc warriors (D:5)
  A centaur (D:6)
  2 phantoms
  Blork the orc (D:6)
  2 giant frogs
  A scorpion (D:4)
  3 crimson imps
  A centaur skeleton (D:7)
  A giant frog zombie (D:5)
  An orc priest (D:6)
  3 jellies
  A giant frog skeleton (D:5)
  A gnoll shaman (D:5)
  3 hounds
  4 worker ants
  3 orc wizards
  A hound skeleton (D:4)
  4 gnolls (D:4)
  6 adders
  An adder skeleton (D:4)
  2 worms
  A giant gecko (D:2)
  11 orcs
  7 giant cockroaches
  7 hobgoblins
  5 ball pythons
  10 bats
  5 giant newts
  14 goblins
  7 kobolds
  4 quokkas
  5 rats
127 creatures vanquished.

Notes
Turn   | Place    | Note
--------------------------------------------------------------
     0 | D:1      | TuckyLangle the Draconian Transmuter began the quest for the Orb.
     0 | D:1      | Reached XP level 1. HP: 16/16 MP: 3/3
   358 | D:1      | Found a snail-covered altar of Cheibriados.
   407 | D:1      | Reached XP level 2. HP: 8/23 MP: 3/5
   996 | D:2      | Found a snail-covered altar of Cheibriados.
  1319 | D:2      | Reached XP level 3. HP: 28/28 MP: 6/6
  1366 | D:2      | Found a stormy altar of Qazlal.
  1469 | D:2      | Reached skill level 4 in Transmutations
  1487 | D:2      | Reached skill level 1 in Axes
  1492 | D:2      | Found a glowing silver altar of Zin.
  1935 | D:3      | Reached XP level 4. HP: 30/35 MP: 7/7
  2544 | D:3      | Noticed a giant frog
  2710 | D:4      | Reached XP level 5. HP: 24/40 MP: 6/8
  3006 | D:4      | Noticed an ogre
  3047 | D:4      | Killed an ogre
  3047 | D:4      | Reached XP level 6. HP: 36/47 MP: 9/9
  3320 | D:4      | Noticed an ogre
  3328 | D:4      | Killed an ogre
  3328 | D:4      | Reached skill level 5 in Unarmed Combat
  3810 | D:4      | Found a staircase to the Ecumenical Temple.
  3819 | Temple   | Entered the Ecumenical Temple
  3872 | Temple   | Became a worshipper of Warmaster Okawaru
  3884 | Temple   | Learned a level 5 spell: Blade Hands
  4296 | D:4      | Noticed an ogre
  4304 | D:4      | Killed an ogre
  4304 | D:4      | Your scales start taking on a glossy black colour.
  4304 | D:4      | Gained mutation: You are resistant to electric shocks. [Black Draconian growth]
  4304 | D:4      | Reached XP level 7. HP: 38/52 MP: 10/10
  4613 | D:3      | Killed a giant frog
  4613 | D:3      | Reached skill level 5 in Transmutations
  4827 | D:5      | Entered Level 5 of the Dungeon
  5423 | D:5      | Noticed a hill giant
  5432 | D:5      | Killed a hill giant
  5432 | D:5      | Acquired Okawaru's first power
  5432 | D:5      | Reached skill level 7 in Transmutations
  5432 | D:5      | Reached XP level 8. HP: 49/59 MP: 11/11
  5684 | D:5      | Found a radiant altar of Vehumet.
  6002 | D:5      | Found an ancient bone altar of Kikubaaqudgha.
  6695 | D:6      | Noticed Blork the orc
  6712 | D:6      | Killed Blork the orc
  6712 | D:6      | Reached skill level 5 in Spellcasting
  7493 | D:6      | Noticed Prince Ribbit
  7508 | D:6      | Killed Prince Ribbit
  7508 | D:6      | Reached XP level 9. HP: 13/64 MP: 16/18
  8959 | D:7      | Found a deep blue altar of Sif Muna.
  9067 | D:7      | Paralysed by a wasp for 3 turns
  9071 | D:7      | Paralysed by a wasp for 2 turns
  9074 | D:7      | Killed themself with a bounced bolt of lightning

Vault maps used:
D:1:      minmay_arrival_shattered_statue, cheibriados_altar_1
D:2:      zin_academy, grunt_qazlal_sundering, old_standard_altar,
          grunt_decor_one_mirror, serial_bayou_crossing
D:3:      uniq_robin
D:4:      minmay_temple_entry_nine_rooms, first_bread
D:5:      lemuel_coloured_pillars_altar, kennysheep_mini
D:6:      hex_medium, uniq_prince_ribbit1, uniq_blork_the_orc
D:7:      basic_altar, uniq_joseph
Temple:   triangle_lava_temple_11

Action                   |  1- 3 |  4- 6 |  7- 9 || total
-------------------------+-------+-------+-------++-------
Melee: Unarmed           |   105 |       |       ||   105
       Battleaxe         |    11 |   108 |   113 ||   232
 Cast: Beastly Appendage |    17 |     7 |    17 ||    41
Invok: Heroism           |       |       |     1 ||     1
 Abil: Breathe Lightning |       |       |     6 ||     6
       End Transformatio |       |       |     1 ||     1
  Use: Scroll            |       |     3 |     8 ||    11
 Stab: Sleeping          |     2 |       |     2 ||     4
  Eat: Bread ration      |     1 |     1 |     1 ||     3
       Fruit             |     1 |       |       ||     1
       Beef jerky        |       |     1 |       ||     1
       Chunk             |       |     1 |     4 ||     5
       Pizza             |       |     1 |       ||     1
       Meat ration       |       |       |     1 ||     1
